 Dungeon Crawl Stone Soup version 0.29.1-1-gd02db6906a (webtiles) character file.

Game seed: 14565717384273775244

6962 GreyHunter the Brawler (level 11, -7/86 HPs)
             Began as a Ghoul Gladiator on Sept 23, 2022.
             Was a Priest of Makhleb.
             Mangled by an unseen horror (8 damage)
             ... on level 9 of the Dungeon.
             The game lasted 00:49:52 (14866 turns).

GreyHunter the Brawler (Ghoul Gladiator)           Turns: 14866, Time: 00:49:53

Health: -7/86      AC: 11    Str: 19    XL:     11   Next: 7%
Magic:  14/14      EV: 12    Int:  3    God:    Makhleb [***...]
Gold:   92         SH:  0    Dex: 14    Spells: 10/10 levels left

rFire   . . .      SeeInvis .     - Unarmed
rCold   + . .      Faith    .   (no shield)
rNeg    + + +      Spirit   .   k - +4 ring mail "Zeopt" {Will+ rCorr}
rPois   ∞          Reflect  .   b - +1 helmet
rElec   .          Harm     .   (no cloak)
rCorr   +          Rampage  .   (no gloves)
Will    +....                   (no boots)
Stlth   +.........              (no amulet)
HPRegen 0.00/turn               (no ring)
MPRegen 0.14/turn               (no ring)

@: inhibited regen
A: claws 1, cold resistance 1, negative energy resistance 3, inhibited
regeneration, torment resistance 2, devour on kill
a: Renounce Religion, Minor Destruction, Lesser Servant of Makhleb


You were on level 9 of the Dungeon.
You worshipped Makhleb.
Makhleb was most pleased with you.
You visited 2 branches of the dungeon, and saw 11 of its levels.
You also visited: Sewer and Bailey.

You collected 572 gold pieces.
You spent 480 gold pieces at shops.

Inventory:

Hand Weapons
 v - a +0 spear
Missiles
 c - 4 throwing nets (quivered)
 d - 34 javelins
Armour
 a - a +0 leather armour
 b - a +1 helmet (worn)
 k - the +4 ring mail "Zeopt" (worn) {Will+ rCorr}
   (You found it on level 2 of the Dungeon)

   rCorr:     It protects you from acid and corrosion.
   Will:      It increases your willpower.
 u - +0 steam dragon scales
Jewellery
 f - a ring of positive energy
 g - an amulet of magic regeneration
 y - a ring of ice
Wands
 j - a wand of mindburst (5)
 l - a wand of paralysis (7)
 w - a wand of roots (23)
 z - a wand of flame (10)
Scrolls
 e - 3 scrolls of enchant weapon
 h - 2 scrolls of fear
 i - a scroll of enchant armour
 m - a scroll of amnesia {unknown}
 p - a scroll of acquirement {unknown}
 s - a scroll of noise {unknown}
 t - a scroll of brand weapon {unknown}
 x - 3 scrolls of vulnerability {unknown}
 B - 5 scrolls of teleportation {unknown}
 G - a scroll of magic mapping
 H - a scroll of butterflies
Potions
 n - a potion of flight {unknown}
 q - a potion of might
 r - a potion of magic {unknown}
 A - a potion of cancellation
 C - a potion of attraction
 E - a potion of ambrosia {unknown}
 F - a potion of curing


   Skills:
 - Level 5.0 Fighting
 - Level 1.7 Throwing
 - Level 4.8 Dodging
 * Level 15.6 Unarmed Combat
 + Level 6.5 Invocations


You had 10 spell levels left.
You didn't know any spells.
Your spell library contained the following spells:

 Spells                   Type           Power      Damage    Failure   Level
 Apportation              Tloc           0%         N/A       71%         1
 Necrotise                Necr           0%         1d4       71%         1
 Summon Small Mammal      Summ           0%         N/A       71%         1
 Call Canine Familiar     Summ           0%         N/A       97%         3
 Conjure Flame            Conj/Fire      0%         6-21      97%         3
 Frozen Ramparts          Ice            0%         1d1       97%         3
 Ignite Poison            Fire/Tmut/Pois 0%         N/A       97%         3
 Summon Guardian Golem    Hex/Summ       0%         N/A       97%         3
 Sticky Flame             Conj/Fire      0%         2d3       100%        4
 Summon Ice Beast         Ice/Summ       0%         N/A       100%        4
 Irradiate                Conj/Tmut      0%         3d11      100%        5
 Ice Form                 Ice/Tmut       Unusable   N/A       N/A         4
 Blade Hands              Tmut           Unusable   N/A       N/A         5
 Dragon Form              Tmut           Unusable   N/A       N/A         7

Dungeon Overview and Level Annotations

Branches:
Dungeon (10/15)            Temple (1/1) D:5             Orc (0/2) D:9
  Sewer (visited)          Bailey (visited)
   Lair: D:8-11

Altars:
Ashenzari
Cheibriados
Dithmenos
Fedhas
Gozag
Hepliaklqana
Kikubaaqudgha
Makhleb
Nemelex Xobeh
Okawaru
Qazlal
Ru
Sif Muna
Trog
Uskayaw
Vehumet
Wu Jian
Xom
Yredelemnul

Shops:
D:6 **   D:9 *[[:

Annotations:
D:3 1 runed translucent door


Innate Abilities, Weirdness & Mutations

You are immune to poison.
You have sharp fingernails.
Your flesh is cold resistant. (rC+)
You are immune to negative energy. (rN+++)
You do not regenerate when monsters are visible.
You are immune to unholy pain and torment.
You thrive by killing the living.


Message History

Your hellwing hits something but does no damage.
Your hellwing hits something.
You feel much better. Something hits you but does no damage.
You swap places.
Something hits you.
You swap places.
Something hits your hellwing but does no damage. x2
Something hits your hellwing but does no damage.
Something hits your hellwing! Something misses your hellwing.
Something hits your hellwing.
Something hits your hellwing but does no damage.
Something hits you.
You barely miss something. Something hits you!
Something hits you but does no damage. x2
Your hellwing disappears in a puff of smoke!
Something hits you.
* * * LOW HITPOINT WARNING * * *
Something hits you.
* * * LOW HITPOINT WARNING * * *
You claw something! Something hits you but does no damage.
Something barely misses you. Something hits you.
* * * LOW HITPOINT WARNING * * *
Something hits you.
* * * LOW HITPOINT WARNING * * *
Something hits you.
* * * LOW HITPOINT WARNING * * *
Something hits you but does no damage.
You scratch something. Something hits you.
* * * LOW HITPOINT WARNING * * *
Something hits you but does no damage. Something hits you but does no damage.
You claw something! Something hits you but does no damage. Something hits you.
* * * LOW HITPOINT WARNING * * *
You barely miss something. Something hits you!
* * * LOW HITPOINT WARNING * * *
Something barely misses you.
You closely miss something. Something hits you but does no damage.
Something hits you!
You die...

#.♣.♣.♣.♣.##### #..∩.⌠.∩......#
#.♣.♣.♣.♣.###.# ##### #
##..⌠.⌠.⌠..# #.#####...# #
#..♣.♣.♣.♣.# #.......#.####
#...∩.⌠.∩..####.##.......##
##..♣!♣.♣.♣.........#####...
#...........####.##.#####.##
##.####.#...@{...............
#####...........########.........
.................# #.........
#####.########...# #......... >##
#.# #...# ##........
..###<########...##### #........
...##.##.............# #........
...............#.###.# #...[<...
......##.#.#####.# #.# #..|.....


There were no monsters in sight!

Vanquished Creatures
  A gargoyle (D:10)
  3 yaks (D:9)
  Eustachio (D:6)
  2 steam dragons
  14 orc warriors
  4 ice beasts
  5 ogres
  14 centaurs
  A phantom (D:7)
  A kobold brigand (D:8)
  Blork the orc (D:6)
  A gnoll sergeant (D:5)
  2 bullfrogs
  A necrophage (D:6)
  4 scorpions
  8 killer bees (D:9)
  The ghost of H0rd4k the Charlatan, a weakling HuAr (D:3)
  A howler monkey (D:7)
  6 jellies
  3 gnoll boudas
  A hound (D:6)
  4 orc priests
  Jessica (D:3)
  4 iguanas
  7 orc wizards
  22 gnolls
  10 adders
  A river rat (D:3)
  A shadow imp (D:5)
  2 white imps (D:5)
  4 ufetubi
  6 worms
  3 dart slugs
  45 orcs
  12 endoplasms
  5 giant cockroaches
  6 goblins
  4 hobgoblins
  6 jackals
  5 quokkas
  9 ball pythons
  11 bats
  6 frilled lizards
  14 kobolds
  6 rats
269 creatures vanquished.

Vanquished Creatures (collateral kills)
  2 yaks (D:9)
  2 killer bees (D:9)
4 creatures vanquished.

Vanquished Creatures (others)
  A killer bee (D:9)
1 creature vanquished.

Grand Total: 274 creatures vanquished

Notes
Turn   | Place    | Note
-------+----------+-------------------------------------------
     0 | D:1      | GreyHunter the Ghoul Gladiator began the quest for the Orb.
     0 | D:1      | Reached XP level 1. HP: 17/17 MP: 0/0
   102 | D:1      | Found a faded altar of an unknown god.
   300 | D:1      | Reached XP level 2. HP: 22/24 MP: 1/1
   340 | D:1      | Reached skill level 4 in Unarmed Combat
   817 | D:1      | Reached XP level 3. HP: 29/29 MP: 2/2
  1375 | D:2      | Reached skill level 5 in Unarmed Combat
  1460 | D:2      | Reached XP level 4. HP: 36/36 MP: 3/3
  1693 | D:2      | Identified the +4 ring mail "Zeopt" {Will+ rCorr}
  2293 | D:3      | Found a hazy altar of Hepliaklqana.
  2367 | D:3      | Found a runed translucent door.
  2371 | D:3      | Noticed H0rd4k's ghost (weakling HuAr)
  2511 | D:3      | Reached skill level 6 in Unarmed Combat
  2511 | D:3      | Reached XP level 5. HP: 41/41 MP: 4/4
  2701 | D:3      | Found a glowing drain.
  2711 | Sewer    | Entered a sewer
  2881 | Sewer    | Found a viscous altar of Jiyva.
  2883 | Sewer    | Reached skill level 7 in Unarmed Combat
  2883 | Sewer    | Reached XP level 6. HP: 48/48 MP: 5/5
  3122 | D:3      | Found a runed translucent door.
  3215 | D:3      | Noticed Jessica
  3219 | D:3      | Killed Jessica
  3490 | D:4      | Reached skill level 8 in Unarmed Combat
  3637 | D:4      | Found an ancient bone altar of Kikubaaqudgha.
  4126 | D:5      | Entered Level 5 of the Dungeon
  4137 | D:5      | Reached XP level 7. HP: 38/55 MP: 6/6
  4142 | D:5      | Found a staircase to the Ecumenical Temple.
  4159 | Temple   | Entered the Ecumenical Temple
  4588 | Temple   | Became a worshipper of Makhleb the Destroyer
  4781 | D:5      | Reached skill level 9 in Unarmed Combat
  5200 | D:5      | Reached XP level 8. HP: 63/63 MP: 7/7
  5334 | D:5      | Reached skill level 10 in Unarmed Combat
  5511 | D:6      | Found Vaogh's General Store.
  5856 | D:6      | Reached * piety under Makhleb
  5981 | D:6      | Noticed Blork the orc
  5989 | D:6      | Killed Blork the orc
  5990 | D:6      | Reached skill level 11 in Unarmed Combat
  6087 | D:6      | Noticed Eustachio
  6110 | D:6      | Killed Eustachio
  6111 | D:6      | Reached skill level 5 in Fighting
  6270 | D:6      | Found Eschawez's Fire Supplies.
  6390 | D:6      | Reached XP level 9. HP: 58/74 MP: 8/8
  6459 | D:6      | Reached skill level 12 in Unarmed Combat
  6843 | D:6      | Found a snail-covered altar of Cheibriados.
  6846 | D:6      | Found an iron altar of Okawaru.
  7006 | D:3      | Killed H0rd4k's ghost
  7142 | D:7      | Found a flagged portal.
  7169 | Bailey   | Entered a bailey
  7573 | Bailey   | Reached ** piety under Makhleb
  7947 | Bailey   | Reached skill level 13 in Unarmed Combat
  8438 | Bailey   | Reached skill level 1 in Invocations
  8781 | Bailey   | Reached XP level 10. HP: 52/81 MP: 10/12
  9126 | Bailey   | Reached skill level 5 in Invocations
 10782 | Bailey   | Reached skill level 14 in Unarmed Combat
 11434 | Bailey   | Identified the +7 executioner's axe of Distraction
                  | {protect, rElec Str+7}
 12658 | D:8      | Reached *** piety under Makhleb
 13013 | D:8      | Found a shimmering altar of Xom.
 13502 | D:9      | Found Giwei's Book Shoppe.
 13502 | D:9      | Found Ziaparapn's Armour Shoppe.
 13502 | D:9      | Found Kogibawn's General Store.
 13512 | D:9      | Found Roluut's Armour Shoppe.
 13523 | D:9      | Bought a book of Transfigurations for 480 gold pieces
 13551 | D:9      | Reached skill level 15 in Unarmed Combat
 14038 | D:9      | Reached XP level 11. HP: 68/86 MP: 14/14
 14534 | D:9      | Found a shadowy altar of Dithmenos.
 14690 | D:9      | Found a staircase to the Orcish Mines.
 14764 | D:10     | Entered Level 10 of the Dungeon
 14863 | D:9      | HP: 1/86 [something (8)]
 14866 | D:9      | Mangled by an unseen horror

Illustrated notes

Levels and vault maps discovered:
D:1:      dpeg_arrival_snail, layout_loops_ring,
          shapermc_ecumenical_altar_mp_highgroup
D:2:      layout_loops_ring
D:3:      layout_loops_cross, nicolae_hepliaklqana_hippocampus,
          cheibrodos_sewer_entry_bend, ebering_ghost_sewer_f,
          amcnicky_mini_rare_corridor_liquid, uniq_jessica
D:4:      layout_basic, lemuel_doored_altar, corexii_leaking_fountain,
          bh_walls_and_bars
D:5:      layout_rooms, overflow_temple_1_default, minmay_temple_entry_statues
D:6:      layout_loops_ring, grunt_temple_overflow_diamond, serial_shops,
          nicolae_stop_n_shop_1, minmay_misc_feat_chi, nicolae_shop_fire_sale
          [nicolae_sub_dead_trees], minmay_pentangle, uniq_blork_the_orc,
          uniq_eustachio
D:7:      layout_cave_pods, enter_bailey_2
D:8:      layout_loops_ring, mainiacjoe_overflow_surrounded_room
D:9:      layout_loops_ring, nicolae_dithmenos_the_darkroom, orc_0_dummy,
          minmay_shop_grid_forest
D:10:     layout_stronghold, minmay_quadrilaterals
Temple:   minmay_temple_curvy_branch

Skill      XL: |  1  2  3  4  5  6  7  8  9 10 |
---------------+-------------------------------+-----
Unarmed Combat | 4 5 6 7 8 9 11 13 15 | 15.6
Fighting       | 3 5 |  5.0
Dodging        | 3 4 |  4.8
Invocations    | 4 6 |  6.5
Throwing       | |  1.7

Action                   |  1- 3 |  4- 6 |  7- 9 | 10-12 || total
-------------------------+-------+-------+-------+-------++-------
Melee: Unarmed           |    91 |   169 |   312 |   242 ||   814
       Punch             |     2 |     8 |    22 |    18 ||    50
Invok: Minor Destruction |       |       |     8 |    74 ||    82
       Lesser Servant of |       |       |       |     8 ||     8
Evoke: Wand              |       |       |     3 |     2 ||     5
  Use: Scroll            |       |     7 |     6 |     3 ||    16
       Potion            |       |     1 |     6 |     8 ||    15
 Stab: Invisible         |       |       |     4 |       ||     4
Armor: Leather armour    |    25 |       |       |       ||    25
       Chain mail        |    17 |    17 |       |       ||    34
       Ring mail         |       |    63 |   105 |   139 ||   307
Dodge: Dodged            |    58 |    79 |   161 |   189 ||   487
